 Dungeon Crawl Stone Soup version 0.19.4-12-gccf7e64 (webtiles) character file.

257 Magnus the Grave Robber (level 5, 0/35 HPs)
             Began as a Demonspawn Necromancer on Feb 28, 2017.
             Killed by divine providence
             ... invoked by an orc priest
              (13 damage)
             ... on level 3 of the Dungeon.
             The game lasted 00:07:48 (3046 turns).

Magnus the Grave Robber (Demonspawn Necromancer)    Turns: 3046, Time: 00:07:49

Health: 0/35       AC:  5    Str:  9    XL:     5   Next: 93%
Magic:  8/11       EV: 11    Int: 16    God:
Gold:   206        SH:  0    Dex: 14    Spells: 2 memorised, 8 levels left

rFire  . . .     SeeInvis .     v - +1 dagger (freeze)
rCold  . . .     Gourm    .     w - +0 ring mail
rNeg   . . .     Faith    .     (no shield)
rPois  .         Spirit   .     (no helmet)
rElec  .         Reflect  .     (no cloak)
rCorr  .         Harm     .     (no gloves)
MR     .....                    (no boots)
Stlth  +.........               s - amulet of magic regeneration (curse)
                                (no ring)
                                (no ring)

@: no status effects
A: sturdy frame 2
a: no special abilities


You were on level 3 of the Dungeon.
You were hungry.

You visited 1 branch of the dungeon, and saw 4 of its levels.

You collected 206 gold pieces.

Inventory:

Hand Weapons
 v - a +1 dagger of freezing (weapon)
Armour
 a - a +0 robe
 w - a +0 ring mail (worn)
Jewellery
 o - an uncursed ring of ice
 s - a cursed amulet of magic regeneration (around neck)
 u - an uncursed amulet of regeneration {unknown}
Wands
 n - a wand of iceblast (4/15)
 q - a wand of heal wounds (4/9)
Scrolls
 f - 2 scrolls of noise {unknown}
 g - 2 scrolls of identify {unknown}
 i - a scroll of enchant weapon {unknown}
 k - 2 scrolls of immolation {unknown}
 m - 5 scrolls of remove curse {unknown}
 r - a scroll of recharging {unknown}
Potions
 d - a potion of berserk rage {unknown}
 e - a potion of curing {unknown}
 h - a potion of lignification {unknown}
 j - 2 potions of cure mutation {unknown}
 p - a potion of ambrosia {unknown}
 t - a potion of flight {unknown}
Books
 b - a book of Necromancy

   Spells                             Type                      Level
   a - Pain                           Necromancy                   1
   b - Animate Skeleton               Necromancy                   1
   c - Vampiric Draining              Necromancy                   3
   d - Regeneration                   Charms/Necromancy            3
   e - Animate Dead                   Necromancy                   4
   f - Control Undead                 Necromancy                   4
Comestibles
 c - a bread ration


   Skills:
 - Level 1.7 Dodging
 - Level 1.7 Stealth
 + Level 4.2 Spellcasting
 + Level 6.4 Necromancy


You had 8 spell levels left.
You knew the following spells:

 Your Spells              Type           Power        Failure   Level  Hunger
a - Pain                  Necr           ###.         1%          1    None
b - Vampiric Draining     Necr           ###.......   4%          3    ###....


Dungeon Overview and Level Annotations

Branches:
Dungeon (4/15)
 Temple: D:4-7

Altars:
Qazlal
Beogh


Innate Abilities, Weirdness & Mutations

Your movements are less encumbered by armour. (ER -4)


Message History

An orc priest comes into view. It is wielding a club.
Casting: Pain
Confirm with . or Enter, or press ? or * to list all spells.
Aiming: Pain
Press: ? - help, Shift-Dir - straight line, f/p - orc priest
Aim: an orc priest, wearing a ring mail (heavily wounded, chance to defeat MR: 83%)
The orc priest writhes in agony!
You kill the orc priest!
The orc priest calls down the wrath of Beogh upon you.
Beogh smites you!
Casting: Pain
Confirm with . or Enter, or press ? or * to list all spells.
Aiming: Pain
Press: ? - help, Shift-Dir - straight line, f - orc
Aim: an orc, wielding a short sword and wearing an encrusted cabochon ring (chance to defeat MR: 92%)
The orc writhes in agony!
You kill the orc!
The orc priest invokes the aid of Beogh against you.
Beogh smites you!
You die...

# #.### # o.
#...# #### o.
###.#
...####### #.
#.#
.#...(....
)## #.#
...#######
..# #.# #.##
#.# #.# ..#
#.# #.# ..#
..>###@###.#
..#
.....)..)...#
..#
#######.#####
..## #.# ...#
#.# .......
#.# ...####
#.# ..)# #(#
...# #[


You could see an orc priest and an orc (wandering).

Vanquished Creatures
  3 orc priests (D:3)
  2 orc wizards (D:3)
  5 adders
  3 dart slugs
  2 leopard geckos
  11 orcs
  2 giant cockroaches
  A hobgoblin (D:1)
  6 kobolds
  8 bats
  3 frilled lizards
  5 goblins
  10 rats
61 creatures vanquished.

Notes
Turn   | Place    | Note
-------+----------+-------------------------------------------
     0 | D:1      | Magnus the Demonspawn Necromancer began the quest for the Orb.
     0 | D:1      | Reached XP level 1. HP: 13/13 MP: 3/3
   360 | D:1      | Gained mutation: Your movements are slightly less encumbered by armour. (ER -2) [demonic ancestry]
   360 | D:1      | Reached XP level 2. HP: 7/19 MP: 0/5
  1283 | D:2      | Found a stormy altar of Qazlal.
  1297 | D:2      | Reached XP level 3. HP: 21/24 MP: 2/7
  1528 | D:2      | Reached skill level 5 in Necromancy
  1821 | D:3      | Found a faded altar of an unknown god.
  1993 | D:3      | Reached XP level 4. HP: 29/30 MP: 6/8
  2284 | D:3      | Learned a level 3 spell: Vampiric Draining
  2301 | D:3      | Gained mutation: Your movements are less encumbered by armour. (ER -4) [demonic ancestry]
  2301 | D:3      | Reached XP level 5. HP: 18/35 MP: 2/10
  2496 | D:3      | Found a roughly hewn altar of Beogh.
  2501 | D:3      | Reached skill level 6 in Necromancy
  3046 | D:3      | Killed from afar by an orc priest

Skill      XL: |  1  2  3  4  5 |
---------------+----------------+-----
Spellcasting   | 3 4 |  4.2
Necromancy     | 5 6 |  6.4
Dodging        | |  1.7
Stealth        | |  1.7

Action                   |  1- 3 |  4- 6 || total
-------------------------+-------+-------++-------
Melee: Unarmed           |     2 |       ||     2
       Dagger            |       |     6 ||     6
 Cast: Pain              |    61 |    61 ||   122
       Vampiric Draining |       |     1 ||     1
  Eat: Chunk             |     3 |     3 ||     6
Armor: Robe              |     1 |       ||     1
       Ring mail         |       |     3 ||     3
Dodge: Dodged            |     6 |    14 ||    20
